 Dungeon Crawl Stone Soup version 0.31-a0-949-g57150269e1 (webtiles) character file.

Game seed: 13626548998469497466

182728 arthad the Devastator (level 18, -17/107 HPs)
             Began as a Tengu Fire Elementalist on Oct 22, 2023.
             Was the Champion of Vehumet.
             Succumbed to a sea snake's poison
             ... on level 3 of the Shoals on Oct 23, 2023.
             The game lasted 01:54:51 (43431 turns).

arthad the Devastator (Tengu Fire Elementalist)    Turns: 43431, Time: 01:54:51

Health: -17/107    AC: 10    Str: 10      XL:     18   Next: 35%
Magic:  6/35       EV: 24    Int: 28      God:    Vehumet [******]
Gold:   1862       SH: 11    Dex: 14 (15) Spells: 10/41 levels left

rFire   + . .        e - staff of fire
rCold   + . .        u - +0 kite shield
rNeg    + + +        U - +0 steam dragon scales
rPois   .            (helmet restricted)
rElec   .            n - scarf {repulsion}
rCorr   .            H - +2 pair of gloves "Wucaunny" {+Blink rC+ rN+ Stlth+}
SInv    .            (boots unavailable)
Will    +....        t - macabre finger necklace {Finger+ rN+}
Stlth   +++++        O - +6 ring of intelligence
HPRegen 0.37/turn    W - ring of wizardry
MPRegen 0.24/turn    c - ring of Ignis's Whim {rN+ EV+5}

%: repel missiles, acrobat, wizardry (x1)
@: lethally poisoned (-17 -> -94), flying
A: beak, talons 3, evasive flight, acrobatic, deterioration 1
a: Renounce Religion, Evoke Blink


You were on level 3 of the Shoals.
You worshipped Vehumet.
Vehumet was exalted by your worship.
You visited 5 branches of the dungeon, and saw 27 of its levels.
You visited the Abyss 1 time.
You also visited: Sewer, Ossuary and Ice Cave.

You collected 3126 gold pieces.
You spent 1264 gold pieces at shops.

Inventory:

Hand Weapons
 J - the +10 dark maul {heavy}
   (You took it off a two-headed ogre on level 12 of the Dungeon)
 P - the +7 hand axe of the Jolly Tables {heavy, Dex+2}
   (You found it on level 8 of the Dungeon)

   Dex+2:     It affects your dexterity (+2).
Missiles
 d - 5 datura-tipped darts
 f - 5 darts of dispersal
 k - 2 silver javelins
 K - 10 curare-tipped darts
 N - 44 poisoned darts
 R - 7 throwing nets
 X - 10 boomerangs
Armour
 n - a scarf of repulsion (worn)
 u - a +0 kite shield (worn)
 D - a +2 cloak of cold resistance
 H - the +2 pair of gloves "Wucaunny" (worn) {+Blink rC+ rN+ Stlth+}
   (You found it on level 13 of the Dungeon)

   rC+:       It protects you from cold.
   rN+:       It protects you from negative energy.
   +Blink:    It lets you blink.
   Stlth+:    It makes you more stealthy.
 U - +0 steam dragon scales (worn)
Magical Staves
 e - a staff of fire (weapon)
 o - a staff of air
 I - the staff "Waxzeutu" {rPois Str+4 Dex+4 Poison}
   (You found it on level 13 of the Dungeon)

   [staff of poison]

   Base accuracy: +5 Base damage: 5 Base attack delay: 1.2 This weapon's minimum
   attack delay (0.6) is reached at skill level 12.
   Str+4:     It affects your strength (+4).
   Dex+4:     It affects your dexterity (+4).
   rPois:     It protects you from poison Poison: It increases the power of your
   Poison spells.
   It falls into the 'Staves' category.
   It is a one-handed weapon.
Jewellery
 b - the ring "Fuewoof" {rN+ Int+3}
   (You found it in an ice cave)

   [ring of positive energy]

   Int+3:     It affects your intelligence (+3).
   rN+:       It protects you from negative energy.
 c - the ring of Ignis's Whim (on amulet) {rN+ EV+5}
   (You found it on level 5 of the Lair of Beasts)

   [ring of evasion]

   EV+5:      It affects your evasion (+5).
   rN+:       It protects you from negative energy.
 t - the macabre finger necklace (around neck) {Finger+ rN+}
   (You found it on level 14 of the Dungeon)

   [amulet of nothing]

   Finger+:   It enables you to equip an extra ring.
   rN+:       It protects you from negative energy.
 C - a ring of ice
 F - a +6 ring of strength
 O - a +6 ring of intelligence (left hand)
 W - a ring of wizardry (right hand)
Wands
 s - a wand of flame (25)
 A - a wand of paralysis (11)
 S - a wand of iceblast (16)
 T - a wand of acid (3)
 Y - a wand of digging (5)
Scrolls
 h - 5 scrolls of fog
 q - 2 scrolls of silence
 r - 2 scrolls of enchant armour
 y - 8 scrolls of teleportation
 B - 8 scrolls of enchant weapon
 G - 3 scrolls of brand weapon
 L - 4 scrolls of amnesia
 Q - 3 scrolls of fear
 Z - 4 scrolls of immolation
Potions
 g - 10 potions of brilliance
 i - 3 potions of might
 j - 2 potions of invisibility
 l - 9 potions of heal wounds
 m - 3 potions of cancellation
 p - 3 potions of magic
 v - 9 potions of enlightenment
 w - 4 potions of haste
 x - 22 potions of curing
 z - 3 potions of berserk rage
 E - 7 potions of mutation
 M - 2 potions of resistance
Miscellaneous
 a - a tin of tremorstones (2/2)
 V - a phial of floods


   Skills:
 + Level 9.8 Fighting
 + Level 7.4 Armour
 + Level 10.7 Dodging
 - Level 8.0 Stealth
 + Level 9.3 Shields
 * Level 12.4 Spellcasting
 * Level 16.9 Conjurations
 + Level 3.9 Hexes
 + Level 4.4 Transmutations
 * Level 14.7 Fire Magic
 * Level 13.7 Air Magic
 - Level 1.7 Evocations


You had 10 spell levels left.
You knew the following spells:

 Your Spells              Type           Power      Damage    Failure   Level
a - Foxfire               Conj/Fire      100%       2x1d9     0%          1
b - Scorch                Fire           100%       2d9       1%          2
c - Flame Wave            Conj/Fire      100%       2d21      1%          4
d - Starburst             Conj/Fire      51%        6d14      1%          6
e - Plasma Beam           Fire/Air       49%        2x1d63    1%          6
f - Orb of Destruction    Conj           42%        9d12      1%          7
g - Yara's Violent Unrav  Hex/Tmut       20%        3d9       5%          5

Your spell library contained the following spells:

 Spells                   Type           Power      Damage    Failure   Level
 Irradiate                Conj/Tmut      33%        3d22      1%          5
 Magic Dart               Conj           100%       1d8       0%          1
 Sting                    Tmut/Pois      100%       1d8       1%          1
 Cigotuvi's Dreadful Rot  Necr/Pois/Air  86%        N/A       1%          2
 Poisonous Vapours        Pois/Air       100%       N/A       1%          2
 Wereblood                Tmut           42%        N/A       1%          2
 Ignite Poison            Fire/Tmut/Pois 68%        N/A       1%          3
 Inner Flame              Hex/Fire       81%        N/A       1%          3
 Mephitic Cloud           Conj/Pois/Air  65%        N/A       1%          3
 Volatile Blastmotes      Fire/Tloc      100%       2d18      1%          3
 Arcjolt                  Conj/Air       40%        1d50      1%          5
 Iskenderun's Battlesphe  Conj           84%        2d13      1%          5
 Vhi's Electric Charge    Tloc/Air       100%       N/A       2%          4
 Frozen Ramparts          Ice            34%        1d6       3%          3
 Summon Small Mammal      Summ           68%        N/A       4%          1
 Summon Guardian Golem    Hex/Summ       28%        N/A       5%          3
 Bombard                  Conj/Erth      30%        9d5       5%          6
 Call Imp                 Summ           34%        N/A       6%          2
 Cause Fear               Hex            19%        N/A       8%          4
 Olgreb's Toxic Radiance  Pois           17%        N/A       11%         4
 Call Canine Familiar     Summ           17%        N/A       12%         3
 Petrify                  Tmut/Erth      29%        N/A       16%         4
 Anguish                  Hex/Necr       14%        N/A       17%         4
 Maxwell's Capacitive Co  Air            38%        ∞         22%         8
 Spellforged Servitor     Conj/Summ      30%        N/A       24%         7
 Dispel Undead            Necr           17%        3d10      34%         4
 Manifold Assault         Tloc           17%        N/A       34%         4
 Summon Ice Beast         Ice/Summ       17%        N/A       34%         4
 Metabolic Englaciation   Hex/Ice        14%        N/A       43%         5
 Summon Mana Viper        Hex/Summ       28%        N/A       43%         5
 Eringya's Noxious Bog    Tmut/Pois      14%        4d6       47%         6
 Fire Storm               Conj/Fire      51%        8d13      75%         9
 Chain Lightning          Conj/Air       40%        3d53      80%         9
 Death Channel            Necr           8%         N/A       99%         6
 Dispersal                Tloc           8%         N/A       99%         6
 Enfeeble                 Hex            19%        N/A       99%         7
 Monstrous Menagerie      Summ           8%         N/A       100%        7
 Disjunction              Tloc           8%         N/A       100%        8
 Shatter                  Erth           8%         3d10*     100%        9


Dungeon Overview and Level Annotations

Branches:
Dungeon (15/15)            Temple (1/1) D:5            Lair (5/5) D:10
 Shoals (4/4) Lair:2        Snake (0/4) Lair:2        Slime (0/5) Lair:5
    Orc (2/2) D:10            Elf (0/3) Orc:2        Vaults (0/5) D:14
  Sewer (visited)         Ossuary (visited)           IceCv (visited)
 Depths: D:15

Altars:
Ashenzari
Cheibriados
Dithmenos
Elyvilon
Fedhas
Gozag
Hepliaklqana
Kikubaaqudgha
Makhleb
Nemelex Xobeh
Okawaru
Qazlal
Ru
Sif Muna
Trog
Uskayaw
Vehumet
Wu Jian
Xom
Yredelemnul
Zin
The Shining One
Lugonu

Shops:
D:3 (   D:4 *   D:8 *   D:15 ?   Orc:1 (   Orc:2 *=[(

Portals:
Abyss: Lair:5

Annotations:
D:15 1 runed translucent door, Ytwo Fev's ghost, adept HuIE


Innate Abilities, Weirdness & Mutations

You have a beak for a mouth.
You have claws for feet.
Your magical flight helps you evade attacks. (EV +4)
You can magically evade attacks while moving or waiting.
Your body sometimes deteriorates upon taking damage.


Message History

The air twists around and strikes you!!
Casting: Plasma Beam (dangerous; 1% risk of failure)
Confirm with . or Enter, or press ? or * to list all spells.
You feel a surge of power!
Flames lash the wind drake.
The wind drake is almost dead.
The wind drake's fire resistance burns away.
A sea snake comes into view.
Casting: Scorch (safe; 1% risk of failure)
Confirm with . or Enter, or press ? or * to list all spells.
You feel a surge of power!
You conjure some foxfire!
The sea snake hisses angrily.
The wind drake exhales a fierce blast of wind!
Your foxfire is knocked back by the gust of wind. x2
You are knocked back by the gust of wind.
You collide with your foxfire!
Your foxfire is moderately damaged.
Your body deteriorates!
You feel clumsy.
The foxfire hits the wind drake!
The wind drake is burned terribly!
You kill the wind drake!
Vehumet accepts your kill.
You feel your power returning.
The foxfire hits the sea snake!
The sea snake is lightly wounded.
The sea snake is engulfed in a cloud of scalding steam.
The sea snake completely misses you.
You see here a wind drake corpse.
A merfolk opens the large door.
The sea snake bites you.
You are lethally poisoned!
The sea snake poisons you!
A manticore comes into view.
You feel extremely sick. The sea snake bites you!
* * * LOW HITPOINT WARNING * * *
You are more poisoned.
The sea snake poisons you!
There is a stone staircase leading up here.
* * * LOW HITPOINT WARNING * * *
You feel extremely sick.
The sea snake bites you but does no damage.
You fly upwards.
You die...

...~~......~≈≈≈~~~......~≈≈≈≈≈≈~~
~~~~~~~~..~~≈≈≈≈~~~....~.~~≈≈≈≈~~
~~~~~~~..~~~≈~~~~~~....~..~~≈≈≈≈≈
~~~~~~~~~~~~≈~..............~~≈≈~
~~~~~~~~~~~~~~~...............~~~
~~~~~~~~~~~≈≈~~.............[..~.
~~~~~~~~~~~~~~~.......≈≈≈≈≈≈≈≈...
~~~≈~~~~~~~~~~~......≈≈≈#####≈≈..
~~~~...~~~~~~~~~@S...≈≈##...##≈..
~~~~..~~P~~~~~~~~~.....#.....#≈.(
~.~~~~PPP~~~~~~~~~~~...'.....#≈..
.~>~~~~PP~~~~~~~~~~~~..#.....#≈..
~~~~~~~~~~~~~..~~~~~~≈≈##...##≈..
...~~~~~~...^...~~~~~≈≈≈#####≈≈).
...~~~~~~.###...~~~~~~≈≈≈≈≈≈≈≈.).
...~~~~~~.# #...~~~~~~~~~........
...~~~~~..# #....~~≈~~~~~~~~~.~~~


You could see a sea snake.

Vanquished Creatures
  Mlioglotl (Shoals:2)
  Polyphemus (Shoals:1)
  Frances (Shoals:1)
  Ilsuiw (Shoals:2)
  An orc warlord (Orc:2)
  A reaper (IceCv)
  The ghost of bubster the Destroyer, a journeyman DsAE of Vehumet (Orc:2)
  5 merfolk javelineers
  6 merfolk impalers
  Snorg (D:14)
  An ettin (D:13)
  A vault guard (D:14)
  Harold (D:11)
  Erolcha (D:11)
  Fannar (Orc:1)
  An ice dragon (Orc:2)
  5 merfolk avatars
  4 hydras
  3 catoblepae
  Erica (Orc:1)
  5 centaur warriors
  5 boulder beetles
  4 merfolk aquamancers
  8 two-headed ogres
  A death knight (D:15)
  A death yak (shapeshifter) (D:10)
  3 satyrs
  11 death yaks
  An occultist (D:10)
  3 thrashing horrors (Lair:5)
  An orc high priest (Orc:2)
  Urug (Orc:2)
  Sonja (D:11)
  3 skeletal warriors (D:13)
  A shadow wraith (D:14)
  A deep troll (D:15)
  8 sea snakes
  8 skysharks
  A lindwurm (Lair:4)
  2 phantasmal warriors
  A glowing orange brain (Abyss:2)
  A necromancer (D:15)
  10 harpies
  4 orc knights
  5 orc sorcerers (Orc:2)
  A deep elf pyromancer (D:10)
  13 ugly things
  16 fauns
  9 manticores
  An elephant (shapeshifter) (D:15)
  23 elephants
  Maurice (Orc:1)
  Joseph (D:7)
  An ice statue (IceCv)
  5 black mambas
  An eye of devastation (shapeshifter) (D:13)
  5 merfolk sirens
  4 cyclopes
  3 smoke demons
  A water nymph (Shoals:2)
  2 gargoyles
  2 torpor snails
  2 efreet
  7 cane toads
  5 kobold demonologists
  An unseen horror (D:13)
  8 komodo dragons
  A yaktaur (D:10)
  A yaktaur (shapeshifter) (Lair:5)
  3 anaconda simulacra (IceCv)
  A tengu conjurer (D:13)
  An ancient zyme (Abyss:2)
  2 freezing wraiths (D:15)
  8 trolls
  A meliai (D:10)
  5 polar bears
  A troll (shapeshifter) (D:13)
  A hornet (D:9)
  16 merfolk
  5 wind drakes
  A raiju (shapeshifter) (D:13)
  4 snapping turtles
  2 dream sheep (Lair:3)
  3 raiju
  33 blink frogs
  6 slime creatures
  3 shadows
  A spriggan (shapeshifter) (D:10)
  7 wraiths
  A spriggan (Lair:5)
  2 dire elephant simulacra (IceCv)
  30 yaks
  5 wyverns
  16 water elementals
  2 ynoxinuls (Lair:5)
  2 vampires
  3 steam dragons
  5 neqoxecs (Orc:2)
  7 basilisks
  2 large abominations
  2 death yak simulacra (IceCv)
  3 wargs
  2 harpy simulacra (IceCv)
  12 small abominations
  A naga (Lair:2)
  2 acid dragons
  2 hydra simulacra (IceCv)
  14 water moccasins
  Duvessa (D:4)
  31 orc warriors
  7 black bears
  An ice beast (D:8)
  5 ogres
  11 wolves
  5 boggarts (D:14)
  19 centaurs
  A phantom (D:4)
  4 kobold brigands
  11 bullfrogs
  2 gnoll sergeants
  3 scorpions
  5 two-headed ogre simulacra (IceCv)
  A cane toad simulacrum (IceCv)
  3 wights (D:5)
  15 killer bees
  Dowan (D:4)
  4 howler monkeys
  4 electric eels
  6 hounds
  3 quasits
  2 jellies
  24 orc priests
  Crazy Yiuf (D:7)
  2 gnoll boudas
  2 sleepcaps
  Jessica (D:3)
  An iguana (D:7)
  37 orc wizards
  Natasha (thrice) (D:3)
  7 hell rats (Lair:5)
  3 polar bear simulacra (IceCv)
  4 spriggan simulacra (IceCv)
  4 troll simulacra (IceCv)
  A wolf simulacrum (IceCv)
  3 mummies (Ossuary)
  Robin (D:2)
  11 gnolls
  11 adders
  10 naga simulacra (IceCv)
  3 river rats (Sewer)
  A shadow imp (D:7)
  6 white imps (IceCv)
  5 ufetubi
  5 dart slugs
  108 orcs
  10 ball pythons
  3 endoplasms
  2 giant cockroaches (D:5)
  14 goblins
  5 hobgoblins
  8 quokkas
  A bat (D:1)
  7 frilled lizards
  A gnoll zombie (Ossuary)
  A goblin zombie (Ossuary)
  3 hobgoblin zombies (Ossuary)
  18 kobolds
  4 kobold zombies (Ossuary)
  10 rats
  A spectral hobgoblin (D:9)
  A foxfire (Lair:5)
947 creatures vanquished.

Vanquished Creatures (collateral kills)
  A merfolk (Shoals:1)
  A wind drake (Shoals:1)
  A snapping turtle (Shoals:1)
  8 foxfires (Sewer)
11 creatures vanquished.

Vanquished Creatures (others)
  An orc (D:8)
  A butterfly (D:14)
  1269 foxfires
1271 creatures vanquished.

Grand Total: 2229 creatures vanquished

Notes
Turn   | Place    | Note
-------+----------+-------------------------------------------
     0 | D:1      | arthad the Tengu Fire Elementalist began the quest for the
                  | Orb.
     0 | D:1      | Reached XP level 1. HP: 10/10 MP: 4/4
   176 | D:1      | Reached XP level 2. HP: 5/15 MP: 0/6
   643 | D:1      | Reached skill level 2 in Conjurations
  1230 | D:2      | Reached XP level 3. HP: 20/20 MP: 4/7
  1603 | D:2      | Found a glowing golden altar of the Shining One.
  1754 | D:2      | Noticed Robin
  1820 | D:2      | Killed Robin
  1914 | D:2      | Reached XP level 4. HP: 24/24 MP: 6/8
  1996 | D:2      | Found a faded altar of an unknown god.
  2432 | D:3      | Noticed Natasha
  2436 | D:3      | Killed Natasha
  2437 | D:3      | Reached skill level 1 in Fighting
  2440 | D:3      | Learned a level 2 spell: Scorch
  2445 | D:3      | Learned a level 4 spell: Flame Wave
  2462 | D:3      | Noticed Natasha
  2469 | D:3      | Killed Natasha
  2470 | D:3      | Reached skill level 3 in Conjurations
  2470 | D:3      | Reached XP level 5. HP: 29/29 MP: 0/10
  2580 | D:3      | Found Yvuush's Weapon Shop.
  2988 | D:3      | Noticed Natasha
  2995 | D:3      | Killed Natasha
  3173 | D:3      | Reached XP level 6. HP: 35/35 MP: 6/11
  3273 | D:3      | Noticed Jessica
  3288 | D:3      | Killed Jessica
  3289 | D:3      | Reached skill level 4 in Conjurations
  3773 | D:4      | Found a sand-covered staircase.
  3783 | Ossuary  | Entered an ossuary
  3783 | Ossuary  | Noticed a wraith
  3783 | Ossuary  | Noticed a wraith
  3783 | Ossuary  | Noticed a wraith
  4041 | Ossuary  | Noticed a wraith
  4230 | Ossuary  | Killed a wraith
  4231 | Ossuary  | Gained mutation: Your magical flight helps you evade
                  | attacks. (EV +4) [Tengu growth]
  4231 | Ossuary  | Reached XP level 7. HP: 12/40 MP: 7/13
  4533 | D:4      | Noticed Dowan
  4542 | D:4      | Killed Dowan
  4543 | D:4      | Reached skill level 1 in Shields
  4543 | D:4      | Reached skill level 5 in Fire Magic
  4544 | D:4      | Noticed Duvessa
  4549 | D:5      | Entered Level 5 of the Dungeon
  4614 | D:5      | Reached skill level 5 in Conjurations
  4762 | D:5      | Found a glowing drain.
  4815 | Sewer    | Entered a sewer
  5153 | Sewer    | Reached XP level 8. HP: 45/45 MP: 7/15
  5698 | D:5      | Found a staircase to the Ecumenical Temple.
  5716 | Temple   | Entered the Ecumenical Temple
  5721 | Temple   | Became a worshipper of Vehumet
  6432 | D:4      | Found Eniuq's Overcharged Wands.
  6440 | D:4      | Reached skill level 6 in Conjurations
  6498 | D:4      | Killed Duvessa
  7305 | D:4      | You are sucked into a shaft and drop 2 floors!
  7338 | D:6      | Reached XP level 9. HP: 39/51 MP: 10/17
  7542 | D:4      | Reached * piety under Vehumet
  7542 | D:4      | Offered knowledge of Freeze by Vehumet.
  7634 | D:6      | Reached skill level 5 in Spellcasting
  7779 | D:6      | Reached skill level 7 in Conjurations
  8551 | D:7      | Noticed Joseph
  8564 | D:7      | Killed Joseph
  8565 | D:7      | Reached skill level 5 in Dodging
  8681 | D:7      | Reached skill level 5 in Stealth
  8681 | D:7      | Reached skill level 8 in Conjurations
  8983 | D:7      | Reached XP level 10. HP: 22/57 MP: 2/20
  8985 | D:7      | Found a hide-covered altar of Uskayaw.
  9387 | D:7      | Found a runed translucent door.
  9557 | D:7      | Found a glowing golden altar of the Shining One.
  9620 | D:7      | Found a runed translucent door.
  9621 | D:7      | Noticed Crazy Yiuf
  9732 | D:7      | Reached ** piety under Vehumet
  9732 | D:7      | Offered knowledge of Momentum Strike by Vehumet.
  9958 | D:7      | Killed Crazy Yiuf
 10378 | D:8      | Offered knowledge of Hailstorm by Vehumet.
 10422 | D:8      | Reached skill level 9 in Conjurations
 10899 | D:8      | Reached *** piety under Vehumet
 11020 | D:8      | Identified the +7 hand axe of the Jolly Tables {heavy,
                  | Dex+2}
 11087 | D:8      | Found an opulent altar of Gozag.
 11288 | D:8      | Found Qorphif's Assorted Antiques.
 11295 | D:8      | Bought a glowing glass wand for 88 gold pieces
 11295 | D:8      | Bought a viscous sapphire potion for 19 gold pieces
 11295 | D:8      | Bought an emerald potion for 19 gold pieces
 11295 | D:8      | Bought a potion of heal wounds for 110 gold pieces
 11486 | D:9      | Found a sacrificial altar of Ru.
 11488 | D:9      | Found a blossoming altar of Fedhas.
 11591 | D:9      | Found an ancient bone altar of Kikubaaqudgha.
 11591 | D:9      | Found a shimmering blue altar of Sif Muna.
 11592 | D:9      | Found a basalt altar of Yredelemnul.
 11660 | D:9      | Found a broken altar of Ashenzari.
 11700 | D:9      | Noticed a two-headed ogre
 11705 | D:9      | Killed a two-headed ogre
 11706 | D:9      | Reached skill level 5 in Fighting
 11781 | D:9      | Noticed a cyclops
 11888 | D:9      | Reached XP level 11. HP: 54/63 MP: 15/22
 11965 | D:9      | Killed a cyclops
 12059 | D:9      | Found a hazy altar of Hepliaklqana.
 12065 | D:9      | Offered knowledge of Mephitic Cloud by Vehumet.
 12497 | D:9      | Reached skill level 10 in Conjurations
 12586 | D:10     | Entered Level 10 of the Dungeon
 12600 | D:10     | Noticed an occultist
 12845 | D:10     | Noticed a centaur warrior
 12879 | D:10     | Killed a centaur warrior
 13101 | D:10     | Reached **** piety under Vehumet
 13101 | D:10     | Noticed a red ugly thing
 13176 | D:11     | Offered knowledge of Iskenderun's Battlesphere by Vehumet.
 13184 | D:11     | Learned a level 6 spell: Starburst
 13191 | D:11     | Learned a level 6 spell: Plasma Beam
 13299 | D:11     | Noticed a soul eater
 13323 | D:11     | Reached skill level 5 in Shields
 13323 | D:11     | Reached skill level 1 in Air Magic
 13339 | D:11     | Noticed Harold
 13386 | D:11     | Killed Harold
 13553 | D:11     | Killed a red ugly thing
 13816 | D:10     | Noticed a five-headed hydra
 13818 | Abyss:2  | Cast into level 2 of the Abyss (an occultist)
 13899 | Abyss:2  | Noticed a glowing orange brain
 13902 | Abyss:2  | Killed a glowing orange brain
 13903 | Abyss:2  | Reached skill level 11 in Conjurations
 13946 | Abyss:2  | Reached XP level 12. HP: 55/69 MP: 7/25
 13950 | D:10     | Escaped the Abyss
 14090 | D:10     | Found a staircase to the Orcish Mines.
 14091 | D:10     | Noticed a two-headed ogre
 14092 | D:10     | Identified the +1 broad axe of Skirmishing {drain, Dex+4}
 14097 | D:10     | Killed a two-headed ogre
 14101 | D:10     | Killed a five-headed hydra
 14102 | D:10     | Reached skill level 10 in Fire Magic
 14362 | D:10     | Reached ***** piety under Vehumet
 14367 | D:10     | Offered knowledge of Freezing Cloud by Vehumet.
 14376 | D:10     | Noticed a boulder beetle
 14615 | D:10     | Noticed a two-headed ogre
 14816 | D:10     | Found a staircase to the Lair.
 14831 | D:10     | Noticed a death yak
 14839 | D:10     | Killed a death yak
 15023 | D:10     | Reached skill level 5 in Air Magic
 15178 | D:10     | Killed an occultist
 15361 | D:10     | Found a shimmering altar of Xom.
 15362 | D:10     | Found a bloodstained altar of Trog.
 15482 | D:11     | Noticed a boulder beetle
 15483 | D:11     | Noticed Sonja
 15742 | D:11     | Noticed Erolcha
 15751 | D:11     | Killed Erolcha
 15808 | D:11     | Killed Sonja
 16188 | D:12     | Identified the of Uguirphua
 16472 | D:12     | Reached skill level 12 in Conjurations
 16554 | D:12     | Noticed a centaur warrior
 16560 | D:12     | Killed a centaur warrior
 16773 | D:12     | Learned a level 7 spell: Orb of Destruction
 17234 | D:12     | Noticed a two-headed ogre
 17241 | D:12     | Killed a two-headed ogre
 17242 | D:12     | Reached XP level 13. HP: 76/76 MP: 14/26
 18849 | D:13     | Identified the +2 pair of gloves "Wucaunny" {+Blink rC+ rN+
                  | Stlth+}
 18852 | D:13     | Identified the +2 war axe of the Genius {flame, rC+}
 18853 | D:13     | Identified the staff "Waxzeutu" {rPois Str+4 Dex+4 Poison}
 19046 | D:13     | Noticed an ettin
 19055 | D:13     | Killed an ettin
 19146 | D:13     | Reached skill level 13 in Conjurations
 19335 | D:13     | Reached skill level 1 in Armour
 19616 | D:13     | Identified a scroll of acquirement
 19616 | D:13     | Acquired 731 gold pieces
 19814 | D:14     | Noticed Snorg
 19818 | D:14     | Killed Snorg
 20381 | D:14     | Noticed a vault guard
 20398 | D:14     | Killed a vault guard
 20465 | D:14     | Found a gate to the Vaults.
 20664 | D:14     | Found a white marble altar of Elyvilon.
 21066 | D:14     | Found the macabre finger necklace {Finger+ rN+}
 21157 | D:15     | Entered Level 15 of the Dungeon
 21162 | D:15     | Reached XP level 14. HP: 82/82 MP: 10/28
 21827 | D:15     | Reached skill level 10 in Spellcasting
 21859 | D:15     | Found a runed translucent door.
 21859 | D:15     | Found a shimmering altar of Xom.
 21861 | D:15     | Identified the +3 quarterstaff of the Tooth {heavy, Int+7}
 21863 | D:15     | Noticed Ytwo Fev's ghost (adept HuIE)
 22112 | D:15     | Found Meinkiru's Magic Scroll Shop.
 22122 | D:15     | Bought a scroll of enchant armour for 150 gold pieces
 22122 | D:15     | Bought a scroll of blinking for 150 gold pieces
 22788 | Lair:1   | Entered Level 1 of the Lair of Beasts
 22983 | Lair:1   | Reached skill level 14 in Conjurations
 23153 | Lair:1   | Offered knowledge of Yara's Violent Unravelling by Vehumet.
 23164 | Lair:1   | Learned a level 5 spell: Yara's Violent Unravelling
 23267 | Lair:1   | Found a snail-covered altar of Cheibriados.
 24537 | Lair:2   | Reached skill level 10 in Air Magic
 24835 | Lair:2   | Reached skill level 1 in Transmutations
 25630 | Lair:2   | Found a staircase to the Snake Pit.
 25835 | Lair:2   | Found a staircase to the Shoals.
 26379 | Lair:3   | Reached skill level 1 in Hexes
 26379 | Lair:3   | Reached XP level 15. HP: 88/88 MP: 21/30
 27186 | Lair:3   | Reached skill level 1 in Evocations
 27186 | Lair:3   | Reached XP level 16. HP: 94/94 MP: 31/31
 28476 | Lair:5   | Entered Level 5 of the Lair of Beasts
 28994 | Lair:5   | Reached skill level 5 in Armour
 28995 | Lair:5   | Reached skill level 15 in Conjurations
 30250 | Lair:5   | Found a one-way gate to the infinite horrors of the Abyss.
 30251 | Lair:5   | Found a corrupted altar of Lugonu.
 30252 | Lair:5   | Identified the ring of Ignis's Whim {rN+ EV+5}
 30744 | Lair:5   | Offered knowledge of Fireball by Vehumet.
 31657 | Lair:5   | Found a staircase to the Slime Pits.
 31820 | Lair:5   | Identified the +8 long sword of Recklessness {freeze,
                  | Contam Int+3}
 31824 | Lair:5   | Identified the +4 ring mail of the Lizard {+Blink rC+ rCorr
                  | Int-3}
 32303 | Orc:1    | Entered Level 1 of the Orcish Mines
 32307 | Orc:1    | Noticed Maurice
 32310 | Orc:1    | Killed Maurice
 32543 | Orc:1    | Found Plog's Firing Range.
 32595 | Orc:2    | Entered Level 2 of the Orcish Mines
 32595 | Orc:2    | Noticed bubster's ghost (journeyman DsAE)
 32595 | Orc:2    | Found a transporter.
 32618 | Orc:2    | Found a transporter.
 32645 | Orc:2    | Found a frozen archway.
 32727 | IceCv    | Entered an ice cave
 34152 | IceCv    | Reached XP level 17. HP: 100/100 MP: 13/33
 34350 | IceCv    | Identified the ring "Fuewoof" {rN+ Int+3}
 34994 | Orc:2    | Reached ****** piety under Vehumet
 35120 | Orc:2    | Reached skill level 10 in Dodging
 35719 | Orc:2    | Offered knowledge of Lee's Rapid Deconstruction by Vehumet.
 35802 | Orc:2    | Noticed Urug
 35808 | Orc:2    | Killed Urug
 36047 | Orc:2    | Found a staircase to the Elven Halls.
 36371 | Orc:2    | Found Yciosal's Jewellery Boutique.
 36396 | Orc:2    | Found Teoton's General Store.
 36412 | Orc:2    | Found Lotashrok's Antique Armour Boutique.
 36435 | Orc:2    | Found Huth's Antique Weapon Boutique.
 36557 | Orc:1    | Noticed Fannar
 36560 | Orc:1    | Killed Fannar
 36885 | Orc:1    | Noticed Erica
 36890 | Orc:1    | Killed Erica
 37386 | Orc:2    | Gained mutation: Your body sometimes deteriorates upon
                  | taking damage. [a neqoxec]
 37390 | Orc:2    | Killed bubster's ghost
 37442 | Orc:2    | Bought a scroll of acquirement for 728 gold pieces
 37442 | Orc:2    | Acquired a book of Annihilations
 37574 | Shoals:1 | Entered Level 1 of the Shoals
 37577 | Shoals:1 | Reached skill level 16 in Conjurations
 38042 | Shoals:1 | Noticed Frances
 38057 | Shoals:1 | Killed Frances
 38166 | Shoals:1 | Offered knowledge of Eringya's Noxious Bog by Vehumet.
 39049 | Shoals:2 | Noticed Polyphemus
 39062 | Shoals:1 | Killed Polyphemus
 39247 | Shoals:2 | Noticed Mlioglotl
 39821 | Shoals:2 | Noticed Ilsuiw
 40903 | Shoals:2 | Killed Mlioglotl
 41157 | Shoals:2 | Killed Ilsuiw
 41474 | Shoals:3 | Identified the of Gigugats
 41491 | Shoals:3 | Reached XP level 18. HP: 106/106 MP: 18/35
 42487 | Shoals:3 | Offered knowledge of Irradiate by Vehumet.
 43413 | Shoals:4 | Identified the "Peshronosh"
 43413 | Shoals:4 | Entered Level 4 of the Shoals
 43431 | Shoals:3 | Succumbed to a sea snake's poison

Illustrated notes

Levels and vault maps discovered:
D:1:      minmay_arrival_solitary_statue, layout_loops_ring
D:2:      layout_basic, basic_altar, chequers_ecumenical_altar_island,
          uniq_robin
D:3:      layout_basic, serial_shops, shop, uniq_jessica, uniq_natasha
D:4:      layout_loops_ring, nicolae_ossuary_entry_ruins,
          nicolae_shop_overcharged_wands, uniq_duvessa
D:5:      nicolae_cairo_tiling_large_dashed, layout_basic,
          minmay_temple_entry_junction, portal_sewer_entry_b, grunt_ministairs_7
D:6:      lemuel_ice_spiral_2, layout_basic, minmay_circle_x
D:7:      layout_cave_pools, tso_oasis_becter, eat_drink_and_be_merry_uskayaw,
          lightli_church_of_beogh, uniq_crazy_yiuf_cottage, uniq_joseph
D:8:      cheibrodos_steamvent, layout_loops_ring,
          nicolae_gozag_cash_rules_everything_around_me, serial_shops, shop,
          minivault_14
D:9:      layout_loops_corners, nicolae_hepliaklqana_monster_ancestors,
          lemuel_tele_altar, nicolae_overflow_hidden_temple
D:10:     minmay_the_grid_square_5x5_4x4
          [minmay_the_grid_square_5x5_two_walls_b, minmay_the_grid_square_5x5_c,
          minmay_the_grid_square_5x5_meh,
          minmay_the_grid_square_5x5_sharp_hourglass,
          minmay_the_grid_square_5x5_six_small,
          minmay_the_grid_square_5x5_prize_open,
          minmay_the_grid_square_5x5_prize_itemx,
          minmay_the_grid_square_5x5_two_small,
          minmay_the_grid_square_5x5_inset,
          minmay_the_grid_square_5x5_prize_open,
          minmay_the_grid_square_5x5_prize_open,
          minmay_the_grid_square_5x5_gyroscope,
          minmay_the_grid_square_5x5_minimal,
          minmay_the_grid_square_5x5_inner_z,
          minmay_the_grid_square_5x5_hollow_slash,
          minmay_the_grid_square_5x5_two_walls_a], layout_small_grid,
          chequers_temple_overflow_statue_of_worship, dpeg_oklobed_lair,
          david_orc_3
D:11:     layout_small_grid, uniq_sonja, uniq_harold, uniq_erolcha
D:12:     layout_loops_ring, serial_bayou_pond_e,
          hellmonk_guarded_unrand_dark_maul
D:13:     minmay_angry_zag, layout_basic, minmay_checkered_concentric_circles
D:14:     layout_basic, david_vaults_4, nicolae_elyvilon_peaceful_grove,
          uniq_snorg
D:15:     hangedman_depths_entry_civil_slaughter, layout_loops_ring,
          amethyst_killhole, serial_shops, nicolae_shop_hallway_plus,
          ebering_ghost_xom
Temple:   hellmonk_temple_micro_hex
Lair:1:   layout_loops_ring, basic_altar, st_stairs_12
Lair:2:   layout_cave_pods, minmay_shoals_entry_hut, guppyfry_snake_entry_island
Lair:3:   layout_chaotic_city
Lair:4:   layout_concentric_octagons
Lair:5:   hellmonk_lair_end_abyssal_woods, layout_loops_ring, slime_entry_1
Shoals:1: layout_shoals, uniq_frances
Shoals:2: layout_shoals, uniq_polyphemus, uniq_ilsuiw, uniq_mlioglotl
Shoals:3: layout_shoals, nicolae_shoals_mertower
Shoals:4: shoals_end_hellmonk_lost_city
Orc:1:    layout_caves, nicolae_shop_firing_range, uniq_maurice, uniq_erica,
          uniq_fannar
Orc:2:    grunt_orc_cross, layout_diamond_mine,
          portal_ice_cave_entry_animals_and_master, basic_altar,
          gammafunk_ghost_stat_death

Skill      XL: |  1  2  3  4  5  6  7  8  9 10 11 12 13 14 15 16 17 |
---------------+----------------------------------------------------+-----
Conjurations   | 2 3 4 5 6 8 9 11 12 13 14 15 16 | 16.9
Fighting       | 1 2 3 4 5 6 7 8 9 |  9.8
Fire Magic     | 4 5 6 7 8 9 10 11 12 13 14 | 14.7
Dodging        | 3 4 5 6 7 8 9 10 | 10.7
Spellcasting   | 3 4 6 7 8 9 10 11 12 | 12.4
Stealth        | 3 4 5 6 7 8 |  8.0
Shields        | 1 2 3 4 5 6 7 8 9 |  9.3
Air Magic      | 3 6 8 10 11 13 | 13.7
Armour         | 2 4 5 7 |  7.4
Transmutations | 1 3 4 |  4.4
Hexes          | 1 2 3 |  3.9
Evocations     | 1 |  1.7

Action                     |  1- 3 |  4- 6 |  7- 9 | 10-12 | 13-15 | 16-18 || total
---------------------------+-------+-------+-------+-------+-------+-------++-------
  Melee: Unarmed           |     7 |       |       |       |       |       ||     7
         Kick              |     3 |       |     6 |     4 |       |     8 ||    21
         Peck              |     3 |       |     3 |       |     1 |     5 ||    12
         Staff             |       |       |    18 |    10 |     1 |    21 ||    50
         Dagger            |       |       |       |     2 |       |       ||     2
  Throw: Dart              |       |       |       |     3 |     1 |     1 ||     5
   Cast: Foxfire           |    65 |    98 |   219 |   279 |    51 |    25 ||   737
         Scorch            |       |    14 |    43 |   110 |    40 |    11 ||   218
         Flame Wave        |       |     1 |     5 |    31 |     8 |     3 ||    48
         Starburst         |       |       |       |    34 |    69 |   113 ||   216
         Plasma Beam       |       |       |       |     1 |   119 |   404 ||   524
         Orb of Destructio |       |       |       |       |     5 |     5 ||    10
Ability: Evoke Blink       |       |       |       |       |     1 |       ||     1
  Evoke: Wand              |       |     1 |       |     9 |     5 |    11 ||    26
         Tin of tremorston |       |       |       |       |     2 |     2 ||     4
    Use: Potion            |     1 |     1 |     1 |     2 |     3 |     5 ||    13
         Scroll            |       |     6 |     1 |    13 |    12 |     9 ||    41
   Stab: Paralysed         |       |       |       |     2 |       |       ||     2
 Armour: Robe              |    11 |    13 |    33 |    24 |       |       ||    81
         Steam dragon scal |       |       |       |    56 |    22 |    91 ||   169
  Dodge: Dodged            |    15 |    19 |    62 |   192 |    33 |   199 ||   520
         Repelled          |       |     1 |     1 |     3 |     1 |     1 ||     7
  Block: Kite shield       |       |       |       |       |    28 |   125 ||   153

Table legend: (Time is in decaauts)
 A = Elapsed time spent in this place.
 B = Non-inter-level travel time spent in this place.
 C = Inter-level travel time spent in this place.
 D = Time resting spent in this place.
 E = Time spent auto-exploring this place.
 F = Levels seen in this place.
 G = Mean time per level.
                   A        B        C        D        E       F      G
               +--------+--------+--------+--------+--------+-----+--------+
         Total |  43527 |  42309 |   1218 |   6534 |  30193 |  31 | 1404.1 |
       Dungeon |  21273 |  20586 |    687 |   2092 |  15637 |  15 | 1418.2 |
        Temple |     10 |     10 |      0 |      0 |      0 |   1 |   10.0 |
          Lair |   9994 |   9666 |    328 |   2141 |   6561 |   5 | 1998.8 |
        Shoals |   5433 |   5375 |     58 |   1653 |   3039 |   4 | 1358.2 |
  Orcish Mines |   3233 |   3089 |    144 |    479 |   2147 |   2 | 1616.5 |
         Abyss |    131 |    131 |      0 |     17 |     83 |   1 |  131.0 |
         Sewer |    844 |    844 |      0 |      0 |    661 |   1 |  844.0 |
       Ossuary |    771 |    771 |      0 |     78 |    583 |   1 |  771.0 |
      Ice Cave |   1834 |   1834 |      0 |     74 |   1482 |   1 | 1834.0 |
               +--------+--------+--------+--------+--------+-----+--------+

Top non-repeatable levels by time:
  Lair:4: 2856 daAuts
    D:10: 2462 daAuts
  Lair:2: 2328 daAuts
   Orc:2: 2037 daAuts
    D:13: 1996 daAuts
Shoals:1: 1962 daAuts
Shoals:2: 1914 daAuts
  Lair:5: 1860 daAuts
   IceCv: 1834 daAuts
    D:12: 1665 daAuts
  Lair:1: 1636 daAuts
    D:14: 1572 daAuts
Shoals:3: 1539 daAuts
     D:9: 1348 daAuts
     D:2: 1336 daAuts
